 Dungeon Crawl Stone Soup version 0.30-a0-322-g102857c98e (webtiles) character file.

Game seed: 9581235035563717323

65 scionoferis the Charlatan (level 3, 0/18 HPs)
             Began as a Spriggan Artificer on Oct 27, 2022.
             Slain by Ijyb
             ... wielding a +0 club
              (3 damage)
             ... on level 3 of the Dungeon.
             The game lasted 00:05:45 (1857 turns).

scionoferis the Charlatan (Spriggan Artificer)      Turns: 1857, Time: 00:05:46

Health: 0/18       AC:  3    Str:  8    XL:     3   Next: 94%
Magic:  4/4        EV: 19    Int: 12    God:
Gold:   128        SH:  0    Dex: 23    Spells: 2/2 levels left

rFire   . . .      SeeInvis +    a - +2 dagger (drain)
rCold   . . .      Faith    .    (no shield)
rNeg    . . .      Spirit   .    q - +0 robe
rPois   .          Reflect  .    (helmet restricted)
rElec   .          Harm     .    t - +0 cloak
rCorr   .          Rampage  .    (gloves unavailable)
Will    .....                    (boots unavailable)
Stlth   +++.......               (no amulet)
HPRegen 0.23/turn                v - +4 ring of slaying
MPRegen 0.09/turn                m - +6 ring of dexterity

@: very quick
A: very small, no large weapons, unfitting armour, see invisible, speed 3
a: no special abilities


You were on level 3 of the Dungeon.
You visited 1 branch of the dungeon, and saw 3 of its levels.

You collected 128 gold pieces.

Inventory:

Hand Weapons
 a - a +2 dagger of draining (weapon)
 b - a +0 sling
 k - a +0 rapier
Missiles
 i - 6 poisoned darts
 s - 4 boomerangs
Armour
 q - a +0 robe (worn)
 t - a +0 cloak (worn)
Jewellery
 f - a ring of poison resistance
 m - a +6 ring of dexterity (right hand)
 v - a +4 ring of slaying (left hand)
Wands
 c - a wand of flame (13) (quivered)
 d - a wand of charming (15)
 e - a wand of iceblast (5)
Scrolls
 g - 3 scrolls of identify {unknown}
 h - a scroll of poison {unknown}
 l - a scroll of teleportation {unknown}
 n - a scroll of silence {unknown}
 o - a scroll of blinking {unknown}
 p - a scroll of enchant armour {unknown}
 r - a scroll of fog {unknown}
 u - a scroll of fear {unknown}
Potions
 j - 3 potions of lignification {unknown}


   Skills:
 + Level 1.3 Fighting
 * Level 1.6 Short Blades
 + Level 3.8 Dodging
 + Level 2.6 Stealth
 * Level 4.8 Evocations


You had 2 spell levels left.
You didn't know any spells.
Your spell library was empty.

Dungeon Overview and Level Annotations

Branches:
Dungeon (3/15)

Altars:
Uskayaw

Annotations:
D:3 Ijyb


Innate Abilities, Weirdness & Mutations

You are very small and have problems with some larger weapons.
You are too small for most types of armour.
You have supernaturally acute eyesight. (SInv)
You cover ground extremely quickly. (Speed+++)


Message History

Unknown command.
You climb downwards.
There is a stone staircase leading up here.
You open the door.
There is an open door here.
An endoplasm comes into view.
b - a +0 sling (weapon)
You shoot a sling bullet. The sling bullet hits the endoplasm!
You kill the endoplasm!
You sense an unholy aura.
a - a +2 dagger of draining (weapon)
Ijyb the Twisted Goblin comes into view.
She is wielding a +0 club and carrying a wand of flame (15).
Ijyb shouts!
b - a +0 sling (weapon)
You shoot a sling bullet. The sling bullet hits Ijyb.
Ijyb is lightly wounded.
You shoot a sling bullet. The sling bullet hits Ijyb.
Ijyb is moderately wounded.
Ijyb screams, "Me kill you!"
You shoot a sling bullet. The sling bullet barely misses Ijyb.
Ijyb screams, "I cut your head off!"
You shoot a sling bullet. The sling bullet hits Ijyb!
Ijyb is heavily wounded.
Ijyb barely misses you.
You sense an unholy aura.
a - a +2 dagger of draining (weapon)
You hit Ijyb.
Ijyb is severely wounded.
Ijyb hits you with a +0 club.
You closely miss Ijyb.
Ijyb is severely wounded.
Ijyb zaps a wand.
The puff of flame hits you.
You closely miss Ijyb.
Ijyb is severely wounded.
Ijyb zaps a wand.
The puff of flame hits you!
* * * LOW HITPOINT WARNING * * *
You hit Ijyb but do no damage. You drain Ijyb.
Ijyb is severely wounded.
Ijyb hits you with a +0 club.
You die...

#####
#...###
+...'<#
#...###
#...#
#...#
#..@#
#...g.#
##.....#
#.......
#.........
###.......
.......
.......


You could see Ijyb (very drained).

Vanquished Creatures
  2 adders (D:2)
  A dart slug (D:2)
  7 endoplasms
  5 giant cockroaches
  3 goblins (D:1)
  4 hobgoblins
  2 kobolds (D:2)
  3 quokkas
  6 ball pythons
  A bat (D:2)
  3 frilled lizards
  4 rats
41 creatures vanquished.

Vanquished Creatures (others)
  4 plants (D:1)
4 creatures vanquished.

Grand Total: 45 creatures vanquished

Notes
Turn   | Place    | Note
-------+----------+-------------------------------------------
     0 | D:1      | scionoferis the Spriggan Artificer began the quest for the
                  | Orb.
     0 | D:1      | Reached XP level 1. HP: 9/9 MP: 2/2
   161 | D:1      | Reached skill level 1 in Fighting
   164 | D:1      | Reached XP level 2. HP: 9/14 MP: 3/3
  1078 | D:2      | Found a hide-covered altar of Uskayaw.
  1173 | D:2      | Reached skill level 1 in Short Blades
  1178 | D:2      | Reached XP level 3. HP: 11/18 MP: 4/4
  1847 | D:3      | Noticed Ijyb
  1857 | D:3      | Slain by Ijyb

Illustrated notes

Levels and vault maps discovered:
D:1:      dpeg_arrival_ternary, layout_loops_cross, serial_forest,
          infiniplex_forest_lined_3, infiniplex_forest_clump_diagonal,
          infiniplex_forest_lined_corner, infiniplex_forest_lined_corner,
          infiniplex_forest_lined_corner, infiniplex_forest_end_1,
          infiniplex_forest_lined_corner, infiniplex_forest_split
D:2:      layout_basic, basic_altar
D:3:      layout_basic, bloody_makhleb, uniq_ijyb

Skill      XL: |  1  2 |
---------------+-------+-----
Fighting       | 1 |  1.3
Stealth        | 2 |  2.6
Short Blades   | 1 |  1.6
Dodging        | |  3.8
Evocations     | |  4.8

Action                   || total
-------------------------++-------
Melee: Club              ||    34
       Dagger            ||    77
       Whip              ||     7
       Punch             ||     1
 Fire: Sling             ||    16
Evoke: Wand              ||     2
 Stab: Sleeping          ||     6
Armor: Robe              ||     3
Dodge: Dodged            ||    75

Table legend: (Time is in decaauts)
 A = Elapsed time spent in this place.
 B = Non-inter-level travel time spent in this place.
 C = Inter-level travel time spent in this place.
 D = Time resting spent in this place.
 E = Time spent auto-exploring this place.
 F = Levels seen in this place.
 G = Mean time per level.
                   A        B        C        D        E       F      G
               +--------+--------+--------+--------+--------+-----+--------+
         Total |   1272 |   1194 |     78 |    101 |    761 |   3 |  424.0 |
       Dungeon |   1272 |   1194 |     78 |    101 |    761 |   3 |  424.0 |
               +--------+--------+--------+--------+--------+-----+--------+

Top non-repeatable levels by time:
     D:1: 730 daAuts
     D:2: 524 daAuts
     D:3: 17 daAuts
